Map: Hard Lead LE

Players

SubN - Winner!

  • Race: Zerg Zerg
  • League: Diamond
  • Spawn Location: 5:00

Gsus

  • Race: Zerg Zerg
  • League: Diamond
  • Spawn Location: 11:00

VOD

Have the link to the VOD?

Description

Time

  • Played on: Jan. 19, 2024, 6:31 p.m.
  • Length: 12:56
Show
View Real Time Build Order
Export as new Build Order

SubN Zerg - Winner!

Build Orders: Pool First 

Get SALT Encoding   

  12  0:00  Drone  
  13  0:12  Overlord  
  13  0:16  Drone  
  14  0:30  Drone x2  
  16  0:37  Drone  
  17  0:44  Extractor  
  17  0:46  Spawning Pool  
  17  0:49  Drone  
  17  1:04  Drone  
  17  1:13  Hatchery  
  17  1:17  Drone  
  17  1:20  Drone  
  18  1:33  Queen  
  18  1:38  Overlord  
  20  1:44  Zergling x2  
  21  1:50  Zergling x2  
  22  2:04  Zergling x2  
  23  2:11  Drone  
  23  2:15  Queen  
  26  2:25  Queen  
  26  2:27  Drone x2  
  30  2:42  Drone x2  
  30  2:43  Drone x3  
  35  2:59  Drone  
  35  3:00  Overlord  
  35  3:04  Overlord  
  36  3:12  Extractor  
  36  3:18  Roach Warren  
  36  3:19  Zergling x2  
  35  3:20  Zergling x8  
  35  3:23  Metabolic Boost  
  38  3:29  Queen  
  40  3:36  Zergling x2  
  40  3:37  Zergling x8  
  34  4:00  Drone x2  
  34  4:01  Drone x3  
  39  4:07  Queen  
  41  4:13  Drone x2  
  43  4:24  Evolution Chamber x2  
  41  4:38  Zergling x8  
  41  4:43  Roach  
  42  4:52  Roach x2  
  39  5:00  Drone  
  39  5:01  Drone x3  
  43  5:10  Spine Crawler  
  43  5:12  Spine Crawler  
  41  5:18  Overlord x3  
  41  5:27  Overlord x2  
  36  5:36  Queen  
  36  5:38  Roach x3  
  42  5:51  Roach x2  
  46  6:02  Evolution Chamber, Zerg Missile Weapons Level 1  
  45  6:13  Extractor  
  44  6:20  Drone x3  
  47  6:35  Zerg Ground Armor Level 1  
  47  6:42  Drone x7  
  54  6:48  Overlord  
  54  6:53  Lair  
  54  6:57  Drone  
  54  6:58  Drone  
  57  7:01  Drone  
  57  7:05  Drone x2  
  57  7:06  Drone  
  60  7:08  Drone  
  61  7:27  Drone  
  61  7:28  Drone x2  
  61  7:29  Extractor  
  63  7:34  Roach  
  63  7:35  Roach x2  
  69  7:38  Overlord  
  69  7:42  Roach x4  
  77  7:56  Hatchery  
  74  8:09  Queen  
  76  8:13  Roach x6  
  88  8:26  Zerg Missile Weapons Level 2  
  88  8:27  Glial Reconstitution  
  88  8:29  Drone x3  
  91  8:34  Overlord  
  91  8:37  Pneumatized Carapace  
  91  8:41  Zerg Ground Armor Level 2  
  91  8:45  Overseer, Ravager  
  91  8:47  Overlord x2  
  91  8:48  Overlord  
  92  9:06  Drone x4  
  92  9:08  Queen  
  98  9:12  Drone x4  
  102  9:23  Drone  
  103  9:27  Drone x4, Infestation Pit  
  103  9:28  Extractor  
  105  9:32  Extractor  
  105  9:37  Ravager x5  
  109  9:38  Overlord  
  109  9:39  Overlord x3  
  109  9:59  Roach x8  
  127  10:00  Roach  
  127  10:07  Overlord  
  127  10:12  Drone x2  
  127  10:14  Drone  
  130  10:17  Roach x3  
  136  10:38  Spine Crawler  
  136  10:39  Hatchery  
  136  10:42  Roach x9  
  154  10:43  Roach x2  
  117  11:07  Roach  
  117  11:08  Roach x7  
  122  11:18  Roach x9  
  124  11:31  Roach x5  
  128  11:42  Roach x3  
  134  11:47  Overlord x3  
  134  11:48  Roach  
  134  11:49  Roach x3  
  126  12:10  Roach x9  
  140  12:23  Roach  
  140  12:24  Roach x10  
  156  12:32  Roach  
  156  12:33  Roach x2  
Show
View Real Time Build Order
Export as new Build Order

Gsus Zerg 

Build Orders: Pool First 

Get SALT Encoding   

  12  0:11  Overlord  
  12  0:18  Drone x2  
  14  0:29  Drone  
  15  0:35  Drone  
  16  0:47  Spawning Pool  
  15  0:51  Extractor  
  15  0:52  Drone  
  15  0:56  Drone  
  16  1:06  Drone  
  17  1:16  Drone  
  18  1:28  Drone  
  19  1:38  Queen  
  21  1:48  Drone  
  21  1:49  Hatchery  
  21  1:59  Metabolic Boost  
  21  2:03  Zergling x2  
  21  2:08  Overlord  
  22  2:18  Overlord  
  22  2:29  Zergling x2  
  23  2:31  Zergling x2  
  24  2:42  Zergling x2  
  25  2:48  Zergling x2  
  25  2:49  Zergling x4  
  28  2:58  Zergling x2  
  29  3:02  Zergling x2  
  29  3:04  Queen  
  32  3:05  Queen  
  32  3:08  Zergling x2  
  35  3:16  Zergling x2  
  35  3:18  Overlord  
  36  3:34  Spine Crawler  
  33  3:46  Zergling x8  
  33  3:47  Zergling x4  
  33  3:58  Zergling x4  
  33  4:14  Zergling x4  
  35  4:34  Zergling x12  
  35  4:35  Zergling x4  
  42  4:42  Zergling x2  
  42  4:43  Zergling x2  
  41  4:51  Zergling x2  
  37  5:03  Zergling x4  
  37  5:06  Zergling x6  
  40  5:23  Zergling x2  
  40  5:24  Zergling x10  
  40  5:32  Zergling x2  
  36  5:49  Drone x3  
  38  5:56  Drone x2  
  36  6:03  Drone  
  37  6:15  Roach Warren  
  37  6:17  Evolution Chamber  
  35  6:19  Spine Crawler  
  35  6:21  Drone x3  
  37  6:26  Drone  
  37  6:28  Extractor  
  37  6:36  Drone x4  
  37  6:37  Drone  
  37  6:38  Drone  
  43  6:47  Zerg Missile Weapons Level 1  
  43  6:51  Drone  
  43  6:52  Overlord  
  44  7:05  Overlord x2  
  44  7:07  Lair  
  46  7:23  Roach x4  
  46  7:24  Roach  
  46  7:25  Roach  
  46  7:26  Roach  
  58  7:30  Drone x2  
  58  7:31  Drone  
  58  7:34  Extractor  
  60  7:43  Evolution Chamber  
  59  7:44  Roach  
  59  7:45  Roach x2  
  59  7:47  Roach  
  66  8:09  Zergling x6  
  66  8:11  Overlord x2  
  66  8:29  Zerg Ground Armor Level 1  
  66  8:33  Drone x2  
  66  8:34  Drone x5  
  71  8:38  Extractor  
  72  8:43  Roach  
  72  8:46  Roach  
  76  8:53  Hatchery, Roach  
  76  8:54  Roach  
  76  8:55  Hydralisk Den  
  78  9:00  Roach  
  80  9:06  Roach  
  80  9:07  Overlord  
  80  9:09  Zerg Missile Weapons Level 2  
  82  9:19  Overlord x2  
  82  9:27  Roach x2  
  82  9:28  Roach  
  92  9:38  Roach x3  
  92  9:39  Roach  
  96  9:48  Roach x2  
  96  9:49  Roach x2  
  104  9:53  Drone x2  
  104  9:57  Grooved Spines  
  106  10:10  Hydralisk  
  106  10:11  Hydralisk  
  110  10:15  Hydralisk  
  110  10:18  Drone  
  113  10:25  Overlord x2  
  113  10:43  Hydralisk x5  
  113  10:48  Muscular Augments  
  110  10:58  Hydralisk x3  
  95  11:04  Hydralisk  
  95  11:05  Hydralisk  
  95  11:11  Hydralisk  
  89  11:12  Hydralisk  
  87  11:23  Hydralisk x2  
  73  11:35  Zergling x4  
  73  11:36  Zergling x10  
  73  11:37  Zergling x2  
  81  11:43  Zergling x4  
  83  11:50  Drone  
  83  11:51  Drone x4  
  71  12:05  Roach x2  
  71  12:06  Roach x2  
  69  12:16  Roach x3  
  75  12:26  Roach x3  
Tags
 
Add a new tag
Caveats
  • Supply blocks, unpowered buildings, or Contaminate may cause inaccurate times.
  • Supply counts are checked every 10 seconds.